 Dungeon Crawl Stone Soup version 0.29.1-1-gd02db6906a (webtiles) character file.

Game seed: 12799825265158628160

14130 Icepheonix32 the Summoner (level 12, -12/72 HPs)
             Began as a Merfolk Summoner on Oct 7, 2022.
             Was a Priest of Hepliaklqana.
             Mangled by a troll (16 damage)
             ... on level 2 of the Orcish Mines.
             The game lasted 00:32:43 (15216 turns).

Icepheonix32 the Summoner (Merfolk Summoner)       Turns: 15216, Time: 00:32:43

Health: -12/72     AC:  8    Str: 14    XL:     12   Next: 13%
Magic:  6/24       EV: 14    Int: 22    God:    Hepliaklqana [***...]
Gold:   739        SH:  0    Dex: 13    Spells: 4/28 levels left

rFire   . . .      SeeInvis .   D - +5 spear (venom)
rCold   . . .      Faith    .   (no shield)
rNeg    . . .      Spirit   .   a - +0 robe
rPois   .          Reflect  .   (helmet restricted)
rElec   .          Harm     .   (no cloak)
rCorr   .          Rampage  .   (no gloves)
Will    .....                   k - +1 pair of boots
Stlth   +++.......              C - amulet of the acrobat
HPRegen 0.22/turn               J - ring of wizardry
MPRegen 0.19/turn               F - ring of Weheehir {Will- AC+4 Str+6 Int+3}

@: lethally poisoned (-12 -> -21), spiked, unable to drink
A: reduced essence, (nimble swimmer 2), mertail, beak, clumsy 1, inability to
drink after injury 1
a: Renounce Religion, Recall Ancestor, Ancestor Identity, Transference


You were on level 2 of the Orcish Mines.
You worshipped Hepliaklqana.
Hepliaklqana was most pleased with you.
You visited 3 branches of the dungeon, and saw 15 of its levels.

You collected 1075 gold pieces.
You spent 336 gold pieces at shops.

Inventory:

Hand Weapons
 c - a +0 short sword
 j - a +0 short sword of venom
 y - a +4 rapier of electrocution
 D - a +5 spear of venom (weapon)
Armour
 a - a +0 robe (worn)
 k - a +1 pair of boots (worn)
 I - a +0 helmet
Jewellery
 p - a ring of wizardry
 x - a ring of fire
 C - an amulet of the acrobat (around neck)
 F - the ring of Weheehir (right hand) {Will- AC+4 Str+6 Int+3}
   (You found it on level 6 of the Dungeon)

   [ring of protection]

   AC:        It affects your AC (+4).
   Str:       It affects your strength (+6).
   Int:       It affects your intelligence (+3).
   Will:      It decreases your willpower.
 H - an amulet of reflection
 J - a ring of wizardry (left hand)
 L - a +6 ring of strength
 M - a ring of resist corrosion
Wands
 m - a wand of roots (31)
 o - a wand of flame (6)
 z - a wand of charming (18)
 P - a wand of digging (1)
Scrolls
 e - a scroll of silence
 f - 2 scrolls of noise
 g - 5 scrolls of teleportation
 i - 3 scrolls of immolation
 r - a scroll of summoning
 u - a scroll of poison
 v - a scroll of blinking
 E - a scroll of enchant armour
 K - 2 scrolls of identify
 N - a scroll of enchant weapon {unknown}
 O - a scroll of amnesia
 Q - a scroll of fear
Potions
 b - 2 potions of magic
 d - 2 potions of attraction
 h - 5 potions of haste
 l - 2 potions of berserk rage
 n - 3 potions of might
 q - 2 potions of curing
 s - a potion of ambrosia
 t - 3 potions of invisibility
 w - 3 potions of brilliance
 A - a potion of cancellation
 B - 2 potions of heal wounds
Miscellaneous
 G - a condenser vane


   Skills:
 + Level 2.7 Fighting
 + Level 6.6 Polearms
 + Level 0.2 Throwing
 + Level 5.1 Dodging
 + Level 5.0 Stealth
 + Level 8.7 Spellcasting
 + Level 1.0 Hexes
 * Level 14.0 Summonings
 + Level 2.3 Fire Magic
 * Level 5.8 Invocations
 + Level 1.3 Evocations


You had 4 spell levels left.
You knew the following spells:

 Your Spells              Type           Power      Damage    Failure   Level
a - Summon Small Mammal   Summ           100%       N/A       0%          1
b - Call Imp              Summ           64%        N/A       1%          2
c - Call Canine Familiar  Summ           64%        N/A       1%          3
d - Summon Guardian Gole  Hex/Summ       42%        N/A       1%          3
e - Scorch                Fire           38%        2d7       1%          2
f - Summon Cactus Giant   Summ           32%        N/A       1%          6
g - Summon Lightning Spi  Summ/Air       40%        N/A       1%          4
h - Swiftness             Air            9%         N/A       9%          3

Your spell library contained the following spells:

 Spells                   Type           Power      Damage    Failure   Level
 Ensorcelled Hibernation  Hex/Ice        22%        N/A       3%          2
 Passwall                 Tmut/Erth      7%         N/A       4%          2
 Confusing Touch          Hex            14%        N/A       6%          3
 Tukima's Dance           Hex            14%        N/A       6%          3
 Portal Projectile        Hex/Tloc       22%        N/A       7%          3
 Gell's Gravitas          Tloc           9%         N/A       9%          3
 Ozocubu's Armour         Ice            9%         N/A       9%          3
 Teleport Other           Tloc           9%         N/A       9%          3
 Flame Wave               Conj/Fire      14%        2d6       16%         4
 Anguish                  Hex/Necr       5%         N/A       22%         4
 Passage of Golubria      Tloc           9%         N/A       26%         4
 Petrify                  Tmut/Erth      9%         N/A       26%         4
 Metabolic Englaciation   Hex/Ice        5%         N/A       50%         5
 Silence                  Hex/Air        5%         N/A       50%         5
 Yara's Violent Unravell  Hex/Tmut       5%         3d4       50%         5
 Blade Hands              Tmut           4%         N/A       56%         5
 Dispersal                Tloc           4%         N/A       98%         6
 Simulacrum               Ice/Necr       4%         N/A       98%         6
 Statue Form              Tmut/Erth      6%         N/A       98%         6
 Enfeeble                 Hex            7%         N/A       100%        7
 Lehudib's Crystal Spear  Conj/Erth      4%         10d3      100%        8


Dungeon Overview and Level Annotations

Branches:
Dungeon (12/15)            Temple (1/1) D:7            Lair (0/5) D:11
    Orc (2/2) D:11
    Elf: Orc:2

Altars:
Ashenzari
Cheibriados
Dithmenos
Elyvilon
Fedhas
Gozag
Hepliaklqana
Kikubaaqudgha
Makhleb
Nemelex Xobeh
Okawaru
Qazlal
Ru
Sif Muna
Trog
Uskayaw
Vehumet
Wu Jian
Xom
Yredelemnul
Zin
The Shining One

Shops:
D:3 *   D:9 =   D:12 *   Orc:2 (


Innate Abilities, Weirdness & Mutations

Your life essence is reduced to manifest your ancestor. (-10% HP)
((You are very nimble when in or above water. (Stealth+, EV+, Speed+++)))
Your lower body shifts to a powerful aquatic tail in water.
You have a beak for a mouth.
You are clumsy. (Dex -2)
You occasionally lose the ability to drink potions when taking damage.


Message History

Your wolf completely misses the orc warrior.
Your wolf bites the orc warrior but does no damage.
Unknown command.
You closely miss the orc knight.
The orc knight is lightly wounded.
The orc warrior hits your crimson imp with a +0 battleaxe!!
Your crimson imp dies!
Your crimson imp disappears in a puff of smoke!
The orc knight barely misses you.
The orc warrior barely misses your wolf.
The orc sorcerer howls an incantation.
The orc sorcerer shimmers violently.
The orc sorcerer mumbles some strange words.
Send 'em back where they came from!
Your cactus giant disappears in a puff of smoke!
Your wolf shudders.
Your lightning spire disappears in a puff of smoke!
Your wolf bites the orc warrior.
Unknown command.
You hit the orc knight.
The orc knight looks as sick as possible!
Your peck misses the orc knight.
The orc knight is lightly wounded.
A nearby fungus withers and dies.
Arammadara closely misses the orc knight.
Your wolf bites the orc warrior but does no damage.
The orc warrior hits your wolf with a +0 trident!
Your wolf dies!
Your wolf's corpse disappears in a puff of smoke!
The orc knight hits you with a +1 great mace!!
Unknown command.
Arammadara hits the orc knight with a +0 quarterstaff!
The red devil hits you from afar with a +1 demon trident of venom!!
Barbed spikes become lodged in your body.
You are poisoned.
The orc knight hits you with a +1 great mace!!
You feel threatened and lose the ability to drink potions!
* * * LOW HITPOINT WARNING * * *
The troll bites you!
You die...

............∩.8
............§..
.........P.§...
.........Po.§..
..........o§P..
.......o.4[....
#......Ro..#...
.......@T......
...............
......§........
#..........#...
...............
...............
...............
...............


You could see the friendly Arammadara the battlemage, an orc knight (extremely
poisoned, ally target), a troll, an orc sorcerer (strong), a red devil
(summoned) and 2 orc warriors.

Vanquished Creatures
  A two-headed ogre (D:12)
  A cyclops (D:11)
  A tengu conjurer (D:10)
  2 trolls
  A slime creature (D:12)
  4 yaks
  A wyvern (D:8)
  6 vampire mosquitoes
  An orc warrior (Orc:1)
  A black bear (D:7)
  3 centaurs
  A kobold brigand (D:8)
  2 bullfrogs
  A scorpion (D:4)
  2 wights (D:7)
  An electric eel (D:10)
  A howler monkey (D:10)
  4 hounds
  A jelly (D:6)
  Jessica (D:2)
  2 iguanas (D:6)
  Natasha (twice) (D:2)
  2 orc wizards
  4 adders
  2 shadow imps (D:6)
  2 worms
  8 orcs
  4 ball pythons
  4 bats
  5 endoplasms
  A giant cockroach (D:2)
  3 goblins
  4 hobgoblins
  A jackal (D:1)
  2 quokkas
  2 frilled lizards (D:2)
  14 kobolds
  7 rats
105 creatures vanquished.

Vanquished Creatures (collateral kills)
  2 two-headed ogres (D:9)
  A tengu warrior (D:10)
  An elephant (D:11)
  A cyclops (D:11)
  2 gargoyles
  A kobold demonologist (D:11)
  2 trolls
  2 slime creatures (D:12)
  2 vampires
  Eustachio (D:5)
  5 yaks
  A basilisk (D:11)
  A wyvern (D:11)
  9 vampire mosquitoes
  Grum (D:10)
  A water moccasin (D:6)
  A swamp drake (D:11)
  5 orc warriors
  A black bear (D:11)
  An ogre (Orc:1)
  A centaur (D:12)
  3 wolves (D:10)
  4 kobold brigands
  2 bullfrogs
  A scorpion (D:4)
  3 wights (D:8)
  2 howler monkeys (D:10)
  3 electric eels (D:10)
  A jelly (D:4)
  6 orc priests
  An iguana (D:5)
  9 orc wizards
  Natasha (D:2)
  4 adders
  A white imp (D:4)
  32 orcs
  2 bats (D:12)
  An endoplasm (D:1)
  A giant cockroach (D:2)
  A goblin (D:2)
  3 hobgoblins
  3 jackals (D:1)
  15 kobolds
  2 quokkas
  A ball python (D:2)
  2 rats
  2 butterflies
148 creatures vanquished.

Vanquished Creatures (others)
  3 wights (D:7)
  6 battlemagi
  An ancestor (D:8)
  A fungus (Orc:2)
  6 plants (D:10)
17 creatures vanquished.

Grand Total: 270 creatures vanquished

Notes
Turn   | Place    | Note
-------+----------+-------------------------------------------
     0 | D:1      | Icepheonix32 the Merfolk Summoner began the quest for the
                  | Orb.
     0 | D:1      | Reached XP level 1. HP: 13/13 MP: 3/3
   413 | D:1      | Reached XP level 2. HP: 19/19 MP: 5/5
  1258 | D:2      | Reached XP level 3. HP: 24/24 MP: 3/6
  1265 | D:2      | Learned a level 2 spell: Call Imp
  1269 | D:2      | Learned a level 3 spell: Call Canine Familiar
  1296 | D:2      | Reached skill level 5 in Summonings
  1398 | D:2      | Found a faded altar of an unknown god.
  1530 | D:2      | Found a sacrificial altar of Ru.
  1708 | D:2      | Noticed Natasha
  1737 | D:2      | Noticed Jessica
  1743 | D:2      | Killed Natasha
  1744 | D:2      | Reached XP level 4. HP: 30/30 MP: 5/7
  1756 | D:2      | Killed Jessica
  1886 | D:2      | Noticed Natasha
  1894 | D:2      | Killed Natasha
  1895 | D:2      | Reached skill level 6 in Summonings
  1895 | D:2      | Reached XP level 5. HP: 34/35 MP: 0/8
  1904 | D:2      | Noticed Natasha
  1913 | D:2      | Killed Natasha
  2176 | D:3      | Found Fisuguf's General Store.
  3430 | D:4      | Reached skill level 7 in Summonings
  3430 | D:4      | Reached XP level 6. HP: 41/41 MP: 9/9
  4090 | D:4      | Reached skill level 8 in Summonings
  4389 | D:5      | Entered Level 5 of the Dungeon
  4409 | D:5      | Reached XP level 7. HP: 42/46 MP: 10/10
  4422 | D:5      | Noticed Eustachio
  4447 | D:5      | Killed Eustachio
  4816 | D:5      | You fall into a shaft and drop 2 floors!
  4882 | D:7      | Reached skill level 9 in Summonings
  5566 | D:7      | Reached XP level 8. HP: 49/52 MP: 6/11
  5629 | D:6      | Reached skill level 10 in Summonings
  6270 | D:3      | Bought a +5 spear of venom for 336 gold pieces
  6280 | D:3      | Learned a level 3 spell: Summon Guardian Golem
  6283 | D:3      | Learned a level 2 spell: Scorch
  6748 | D:6      | Found a shimmering altar of Xom.
  6789 | D:6      | Identified the ring of Weheehir {Will- AC+4 Str+6 Int+3}
  7494 | D:6      | Gained mutation: You have a beak for a mouth. [potion of
                  | mutation]
  7494 | D:6      | Gained mutation: You have hidden genetic defects. [potion
                  | of mutation]
  7694 | D:7      | Gained mutation: You occasionally lose the ability to drink
                  | potions when taking damage. [hidden defects]
  8082 | D:7      | Found a staircase to the Ecumenical Temple.
  8102 | Temple   | Entered the Ecumenical Temple
  8232 | Temple   | Became a worshipper of Hepliaklqana the Forgotten
  8342 | D:8      | Noticed a yak
  8342 | D:8      | Noticed a yak
  8342 | D:8      | Noticed a yak
  8353 | D:7      | Killed a yak
  8354 | D:7      | Reached skill level 11 in Summonings
  8354 | D:7      | Reached XP level 9. HP: 58/58 MP: 6/13
  8355 | D:7      | Gained mutation: You are clumsy. (Dex -2) [hidden defects]
  8355 | D:7      | Lost mutation: You have hidden genetic defects. [hidden
                  | defects expressed]
  9037 | D:8      | Reached skill level 1 in Fighting
  9149 | D:8      | Reached skill level 1 in Fire Magic
  9156 | D:8      | Reached * piety under Hepliaklqana
  9864 | D:9      | Found Tidyeseca's Jewellery Emporium.
  9908 | D:9      | Noticed a two-headed ogre
  9919 | D:9      | Killed a two-headed ogre
  9920 | D:9      | Reached skill level 5 in Spellcasting
 10062 | D:9      | Reached XP level 10. HP: 60/60 MP: 6/19
 10069 | D:9      | Learned a level 6 spell: Summon Cactus Giant
 10445 | D:9      | Reached ** piety under Hepliaklqana
 10447 | D:9      | Remembered your ancestor Arammadara as a battlemage
 10468 | D:9      | Found an ancient bone altar of Kikubaaqudgha.
 10470 | D:9      | Found a radiant altar of Vehumet.
 10761 | D:9      | Noticed a two-headed ogre
 10773 | D:9      | Killed a two-headed ogre
 10774 | D:9      | Reached skill level 12 in Summonings
 10774 | D:9      | Reached skill level 1 in Invocations
 11271 | D:10     | Entered Level 10 of the Dungeon
 11435 | D:10     | Noticed Grum
 11453 | D:10     | Killed Grum
 11725 | D:10     | Reached skill level 1 in Evocations
 11740 | D:10     | Noticed a tengu warrior
 11741 | D:10     | Reached XP level 11. HP: 41/64 MP: 12/22
 11748 | D:10     | Killed a tengu warrior
 11749 | D:10     | Reached skill level 1 in Hexes
 12340 | D:10     | Reached skill level 13 in Summonings
 12776 | D:11     | Noticed a cyclops
 12784 | D:11     | Killed a cyclops
 12785 | D:11     | Reached skill level 5 in Polearms
 12802 | D:11     | Found a staircase to the Lair.
 12831 | D:11     | Reached skill level 5 in Dodging
 13000 | D:11     | Noticed a cyclops
 13007 | D:11     | Killed a cyclops
 13418 | D:11     | Found a staircase to the Orcish Mines.
 13475 | D:11     | Reached *** piety under Hepliaklqana
 13765 | D:11     | Noticed a manticore
 14374 | D:12     | Learned a level 4 spell: Summon Lightning Spire
 14378 | D:12     | Learned a level 3 spell: Swiftness
 14404 | D:12     | Noticed a two-headed ogre
 14415 | D:12     | Killed a two-headed ogre
 14420 | D:12     | Reached skill level 5 in Invocations
 14612 | D:12     | Reached XP level 12. HP: 63/72 MP: 22/24
 14758 | D:12     | Reached skill level 5 in Stealth
 14758 | D:12     | Reached skill level 14 in Summonings
 14780 | D:12     | Found Qotsorratt's Blood Bar.
 14977 | Orc:1    | Entered Level 1 of the Orcish Mines
 15206 | Orc:2    | Entered Level 2 of the Orcish Mines
 15206 | Orc:2    | Found Hotob's Antique Weapon Boutique.
 15216 | Orc:2    | Mangled by a troll

Illustrated notes

Levels and vault maps discovered:
D:1:      dpeg_arrival_ratfight, layout_basic
D:2:      layout_loops_cross, hellmonk_ecumenical_altar_blasted, basic_altar,
          minivault_24, uniq_natasha, uniq_jessica
D:3:      layout_basic, serial_shops, shop_fountains, minmay_three_crescents
D:4:      layout_gridville, serial_rivers, chequers_serial_rivers_micro_c,
          chequers_serial_rivers_marsh, chequers_serial_rivers_micro_a,
          chequers_serial_rivers_micro_d, chequers_serial_rivers_micro_c
D:5:      layout_basic, uniq_eustachio
D:6:      layout_basic, xom_butterflies, eino_tiny_chamber
D:7:      layout_gridville, minmay_temple_entry_gardened_gates,
          hangedman_decor_riveting
D:8:      layout_loops_corners
D:9:      layout_layer_cave, chequers_temple_overflow_statue_of_worship,
          serial_shops, shop
D:10:     layout_cave_pools, chequers_big_river, uniq_grum
D:11:     layout_loops_corners, david_lair_generic, erik_orc_1,
          nicolae_fountain_basement
D:12:     layout_loops_ring, hangedman_abyss_or_decor_lesser_grid,
          guppyfry_shop_blood
Temple:   nicolae_temple_bog_church
Orc:1:    layout_caves
Orc:2:    grunt_orc_gardens, layout_caves, grunt_orc_garden, grunt_orc_garden,
          grunt_orc_garden, grunt_orc_garden, gauntlet_entry_generic, uniq_sonja

Skill      XL: |  1  2  3  4  5  6  7  8  9 10 11 12 |
---------------+-------------------------------------+-----
Summonings     | 5 6 7 8 9 11 12 13 14 | 14.0
Polearms       | 3 4 6 |  6.6
Dodging        | 3 4 5 |  5.1
Stealth        | 3 4 5 |  5.0
Spellcasting   | 3 6 7 8 |  8.7
Fighting       | 1 2 |  2.7
Fire Magic     | 1 2 |  2.3
Invocations    | 3 5 |  5.8
Evocations     | 1 |  1.3
Hexes          | 1 |  1.0
Throwing       | |  0.2

Action                   |  1- 3 |  4- 6 |  7- 9 | 10-12 || total
-------------------------+-------+-------+-------+-------++-------
Melee: Short sword       |    78 |   113 |     6 |       ||   197
       Unarmed           |     2 |       |       |       ||     2
       Punch             |     1 |     1 |     1 |       ||     3
       Rapier            |       |       |    38 |       ||    38
       Spear             |       |       |    97 |   165 ||   262
       Peck              |       |       |    10 |    23 ||    33
Throw: Dart              |       |       |       |     2 ||     2
 Cast: Summon Small Mamm |    16 |     5 |     5 |       ||    26
       Call Imp          |     4 |     3 |    12 |     3 ||    22
       Call Canine Famil |       |     8 |    27 |    18 ||    53
       Summon Guardian G |       |       |     7 |       ||     7
       Scorch            |       |       |     9 |     9 ||    18
       Summon Cactus Gia |       |       |       |    15 ||    15
       Summon Lightning  |       |       |       |     3 ||     3
Invok: Ancestor Life: Ba |       |       |       |     1 ||     1
       Recall Ancestor   |       |       |       |     4 ||     4
Evoke: Wand              |       |       |       |     5 ||     5
  Use: Scroll            |     4 |     3 |     7 |     2 ||    16
       Potion            |       |     4 |     9 |     2 ||    15
 Stab: Sleeping          |     2 |     8 |     7 |     1 ||    18
       Distracted        |     1 |     1 |     1 |     2 ||     5
Armor: Robe              |    23 |    28 |    30 |    26 ||   107
Dodge: Dodged            |    72 |    80 |    80 |    87 ||   319
